 Dungeon Crawl Stone Soup version 0.25.1-2-g60ff931df9 (console) character file.

Game seed: 2669966711378576982

2378 Colgate the Covert (level 9, -8/37 HPs)
             Began as a Felid Berserker on Aug 4, 2020.
             Was an Elder of Trog.
             Mangled by Joseph
             ... wielding a +1 quarterstaff of distortion
              (12 damage)
             ... on level 8 of the Dungeon.
             The game lasted 00:56:29 (7426 turns).

Colgate the Covert (Felid Berserker)                Turns: 7426, Time: 00:56:29

Health: -8/37      AC:  2    Str: 13    XL:     9   Next: 21%
Magic:  10/10      EV: 21    Int:  8    God:    Trog [****..]
Gold:   477        SH:  5    Dex: 19    Spells: 8/8 levels left
                                        Lives:  0   Deaths: 2

rFire    . . .     SeeInvis +     - Unarmed
rCold    . . .     Gourm    .   (shield unavailable)
rNeg     . . .     Faith    .   (armour unavailable)
rPois    .         Spirit   .   (helmet unavailable)
rElec    .         Reflect  +   (cloak unavailable)
rCorr    .         Harm     .   (gloves unavailable)
MR       +....                  (boots unavailable)
Stlth    ++++++....             q - amulet of reflection
HPRegen  0.12/turn              (no ring)
MPRegen  0.12/turn              (no ring)

@: berserk cooldown, slowed, slow
A: very small, no armour, no weapons or thrown items, stealth, claws 1, fangs 3,
see invisible, carnivore, speed 1, shaggy fur 2, slow metabolism 1, sharp paws
a: Berserk, Trog's Hand, Brothers in Arms, Renounce Religion


You were on level 8 of the Dungeon.
You worshipped Trog.
Trog was greatly pleased with you.
You were very full.

You visited 1 branch of the dungeon, and saw 8 of its levels.

You collected 477 gold pieces.

Inventory:

Jewellery
 q - an amulet of reflection (around neck)
Wands
 n - a wand of flame (5)
 w - a wand of enslavement (4)
Scrolls
 c - 9 scrolls of identify {unknown}
 e - 4 scrolls of blinking {unknown}
 h - 2 scrolls of fog {unknown}
 k - a scroll of random uselessness {unknown}
 l - 5 scrolls of teleportation {unknown}
 m - 4 scrolls of fear {unknown}
 p - a scroll of immolation {unknown}
 r - 2 scrolls of enchant armour {unknown}
 s - a scroll of remove curse {unknown}
 u - a scroll of magic mapping {unknown}
 v - a scroll of amnesia {unknown}
Potions
 b - a potion of stabbing {unknown}
 d - 2 potions of cancellation {unknown}
 f - a potion of haste {unknown}
 g - a potion of mutation {unknown}
 i - 2 potions of resistance {unknown}
 j - 3 potions of curing {unknown}
 o - 3 potions of might {unknown}
 t - a potion of brilliance {unknown}
Comestibles
 a - 12 rations


   Skills:
 - Level 3.0 Fighting
 - Level 5.0 Dodging
 + Level 14.6 Stealth
 - Level 9.1 Unarmed Combat
 - Level 1.2 Evocations


You had 8 spell levels left.
You didn't know any spells.
Your spell library was empty.

Dungeon Overview and Level Annotations

Branches:
Dungeon (8/15)             Temple (0/1) D:7
   Lair: D:8-11

Altars:
Cheibriados
Elyvilon
Fedhas
Gozag
Trog
Xom

Shops:
D:4 ?

Annotations:
D:3 1 runed translucent door, TangoThomas's ghost, amateur DsCK
D:8 Joseph


Innate Abilities, Weirdness & Mutations

You cannot wear armour.
You are incapable of wielding weapons or throwing items.
Your paws allow you to move quietly. (Stealth)
You have sharp claws.
You have razor-sharp teeth.
You have supernaturally acute eyesight. (SInv)
You are carnivorous and can eat meat at any time.
You cover ground quickly.
You are covered in thick fur. (AC +2)
You have a slow metabolism.
Your sharp claws are effective at attacking unaware monsters.


Message History

You claw Joseph!
Joseph is heavily wounded.
You are no longer berserk.
You are exhausted.
You feel yourself slow down.
Joseph unwields a +0 hunting sling.
Joseph wields a +1 quarterstaff of distortion.
Its appearance distorts for a moment.
Joseph hits you with a +1 quarterstaff of distortion!
Space warps horribly around you!
* * * LOW HITPOINT WARNING * * *
You barely miss Joseph.
Joseph is heavily wounded.
Joseph barely misses you.
You scratch Joseph.
Joseph is heavily wounded.
Joseph misses you.
You scratch Joseph. You bite Joseph, but do no damage.
Joseph is heavily wounded.
Joseph hits you with a +1 quarterstaff of distortion!
You die...

###### #....# #....# #....#
########## #....#
##.....(..###....####
h'..$.....'..........
#........###....###
#........# #....#
#......@[# #....#####
#.......@# #.....(..#
###........# ##.#.###.#
..'........# #.#.# #.#
##........####.#.# #.#
#####)†.........# #.# ##
##.(#####.### #.# .. ##(##
#.# #.# #.
.#########..####.# #.# #.
........(..Y.....#####.#.#.
........###.##......##.#.#.


You could see Joseph.

Vanquished Creatures
  Harold (D:7)
  Grinder (D:4)
  Prince Ribbit (D:8)
  Sigmund (D:5)
  A wyvern (D:8)
  Eustachio (D:5)
  Edmund (D:5)
  An ice beast (D:8)
  2 ogres
  2 centaurs
  Blork the orc (D:5)
  2 bullfrogs
  A water moccasin zombie (D:8)
  A scorpion (D:6)
  2 howler monkeys
  3 crimson imps
  A bullfrog zombie (D:5)
  A centaur zombie (D:6)
  A centaur skeleton (D:5)
  2 orc priests
  3 hounds
  A jelly (D:7)
  4 orc wizards
  2 bullfrog skeletons
  3 iguanas
  Natasha (twice) (D:3)
  4 worker ants
  2 hound zombies
  A worker ant zombie (D:5)
  A howler monkey skeleton (D:7)
  8 adders
  4 gnolls (D:3)
  A shadow imp (D:5)
  An adder skeleton (D:7)
  A worm (D:5)
  2 dart slugs (D:4)
  4 leopard geckos
  17 orcs
  5 giant cockroaches
  4 goblins
  5 hobgoblins
  3 jackals (D:2)
  8 kobolds
  4 quokkas
  A ball python (D:1)
  9 bats
  9 frilled lizards
  A quokka zombie (D:5)
  8 rats
145 creatures vanquished.

Vanquished Creatures (collateral kills)
  A centaur (D:8)
  A crimson imp (D:8)
  A hound (D:8)
  A leopard gecko (D:8)
4 creatures vanquished.

Vanquished Creatures (others)
  An ice beast (D:8)
  A bullfrog (D:8)
2 creatures vanquished.

Grand Total: 151 creatures vanquished

Notes
Turn   | Place    | Note
-------+----------+-------------------------------------------
     0 | D:1      | Colgate the Felid Berserker began the quest for the Orb.
     0 | D:1      | Reached XP level 1. HP: 10/10 MP: 2/2
   605 | D:1      | Reached XP level 2. HP: 14/14 MP: 3/3
   931 | D:1      | Reached skill level 5 in Dodging
  1155 | D:2      | Reached skill level 1 in Stealth
  1249 | D:2      | Reached skill level 2 in Stealth
  1258 | D:2      | Reached XP level 3. HP: 17/17 MP: 4/4
  1261 | D:2      | Reached ** piety under Trog
  1272 | D:2      | Reached skill level 3 in Stealth
  1572 | D:2      | Reached skill level 4 in Stealth
  1768 | D:2      | Found a bloodstained altar of Trog.
  1814 | D:2      | Reached XP level 4. HP: 21/21 MP: 5/5
  2298 | D:3      | Reached skill level 5 in Stealth
  2336 | D:3      | Found a runed translucent door.
  2354 | D:3      | Noticed TangoThomas's ghost (amateur DsCK)
  2868 | D:3      | Noticed Natasha
  2889 | D:3      | Reached *** piety under Trog
  2894 | D:3      | Reached skill level 6 in Stealth
  2894 | D:3      | Reached XP level 5. HP: 17/24 MP: 6/6
  3113 | D:3      | Killed Natasha
  3113 | D:3      | Reached skill level 7 in Stealth
  3180 | D:3      | Reached skill level 8 in Stealth
  3180 | D:3      | Gained mutation: You are covered in thick fur. (AC +2)
                  | [Felid growth]
  3180 | D:3      | Reached XP level 6. HP: 28/28 MP: 7/7
  3279 | D:3      | Noticed Natasha
  3440 | D:3      | Killed Natasha
  3573 | D:4      | Found Xal Belog's Magic Scroll Shop.
  3579 | D:4      | Reached skill level 9 in Stealth
  3719 | D:4      | Noticed Grinder
  3729 | D:4      | Killed Grinder
  3729 | D:4      | Reached XP level 7. HP: 31/31 MP: 8/8
  3882 | D:4      | Reached skill level 5 in Unarmed Combat
  3919 | D:4      | Found a snail-covered altar of Cheibriados.
  4231 | D:5      | Entered Level 5 of the Dungeon
  4272 | D:5      | Reached skill level 10 in Stealth
  4272 | D:5      | Noticed Eustachio
  4298 | D:5      | Noticed Edmund
  4328 | D:5      | Slain by Edmund
  4329 | D:5      | Reached XP level 6. HP: -1/28 MP: 7/7
  4425 | D:5      | Noticed Blork the orc
  4439 | D:5      | Killed Blork the orc
  4439 | D:5      | Reached XP level 7. HP: 31/31 MP: 8/8
  4482 | D:5      | Reached skill level 11 in Stealth
  4739 | D:5      | Noticed Sigmund
  4777 | D:5      | Killed Sigmund
  4777 | D:5      | Reached skill level 12 in Stealth
  4891 | D:5      | Killed Eustachio
  4891 | D:5      | Reached **** piety under Trog
  4969 | D:5      | Killed Edmund
  4969 | D:5      | Reached skill level 13 in Stealth
  4969 | D:5      | Reached XP level 8. HP: 34/34 MP: 9/9
  5175 | D:5      | Reached skill level 1 in Evocations
  5857 | D:6      | Reached skill level 14 in Stealth
  6365 | D:7      | Found a staircase to the Ecumenical Temple.
  6477 | D:7      | Noticed Harold
  6487 | D:7      | Mangled by Harold
  6488 | D:7      | Reached XP level 7. HP: -6/46 MP: 8/8
  6615 | D:7      | Killed Harold
  6615 | D:7      | Reached XP level 8. HP: 34/34 MP: 9/9
  6739 | D:7      | Found a white marble altar of Elyvilon.
  6833 | D:7      | Found an opulent altar of Gozag.
  6833 | D:7      | Found a shimmering altar of Xom.
  6833 | D:7      | Found a blossoming altar of Fedhas.
  6903 | D:8      | Noticed Prince Ribbit
  6904 | D:8      | Killed Prince Ribbit
  7160 | D:8      | Reached XP level 9. HP: 37/37 MP: 10/10
  7408 | D:8      | Noticed Joseph
  7426 | D:8      | Mangled by Joseph

Illustrated notes

Levels and vault maps discovered:
D:1:      dpeg_arrival_short_road, layout_loops_ring
D:2:      layout_basic, lemuel_doored_altar, chequers_serial_rivers_small_3,
          minmay_increasing_density
D:3:      layout_loops_ring, ebering_ghost_sewer_d, minmay_statues_item,
          uniq_natasha
D:4:      layout_cave_pools, old_standard_altar, first_ration, serial_shops,
          nicolae_shop_crystal, uniq_grinder
D:5:      layout_basic, eino_small_chamber_without_monster, dk_rats_in_the_wall,
          uniq_sigmund, uniq_blork_the_orc, uniq_edmund, uniq_eustachio
D:6:      layout_basic
D:7:      layout_gridville, grunt_temple_overflow_open, temple_doors_ab,
          uniq_harold
D:8:      layout_basic, grunt_livestock, uniq_joseph, uniq_prince_ribbit1

Skill      XL: |  1  2  3  4  5  6  7  8 |
---------------+-------------------------+-----
Dodging        | 5 |  5.0
Stealth        | 2 4 6 8 9 13 14 | 14.6
Unarmed Combat | 4 8 9 |  9.1
Evocations     | 1 |  1.2
Fighting       | |  3.0

Action                   |  1- 3 |  4- 6 |  7- 9 || total
-------------------------+-------+-------+-------++-------
Melee: Unarmed           |    95 |   140 |   214 ||   449
       Bite              |     3 |    16 |    32 ||    51
       Punch             |       |     1 |     8 ||     9
Invok: Berserk           |     8 |    10 |    14 ||    32
       Trog's Hand       |       |     2 |     3 ||     5
Evoke: Wand              |       |       |    24 ||    24
 Stab: Sleeping          |    12 |    14 |    18 ||    44
       Held in net/web   |       |       |     2 ||     2
       Distracted        |       |       |     1 ||     1
  Eat: Chunk             |    16 |    18 |    25 ||    59
Armor: Skin              |     6 |     4 |     3 ||    13
Dodge: Dodged            |    84 |    89 |   142 ||   315
Block: Other             |       |     3 |    42 ||    45
       Reflection        |       |       |     1 ||     1
